 Dungeon Crawl Stone Soup version 0.29.0-4-gdea44cf6ec (webtiles) character file.

Game seed: 13926090915188282306

18 qw the Sneak (level 2, -5/19 HPs)
             Began as a Gargoyle Delver on Sept 10, 2022.
             Slain by a gnoll
             ... wielding a +0 rapier
              (7 damage)
             ... on level 5 of the Dungeon.
             The game lasted 00:00:04 (437 turns).

qw the Sneak (Gargoyle Delver)                       Turns: 437, Time: 00:00:05

Health: -5/19      AC:  5    Str: 15    XL:     2   Next: 70%
Magic:  1/2        EV: 11    Int: 10    God:
Gold:   4          SH:  0    Dex: 11    Spells: 1/1 levels left

rFire   . . .      SeeInvis .   a - +0 hand axe
rCold   . . .      Faith    .   (no shield)
rNeg    + . .      Spirit   .   b - +0 leather armour
rPois   inf        Reflect  .   (no helmet)
rElec   +          Harm     .   (no cloak)
rCorr   .          Rampage  .   (no gloves)
Will    .....                   (no boots)
Stlth   +++.......              (no amulet)
HPRegen 0.06/turn               (no ring)
MPRegen 0.08/turn               (no ring)

@: no status effects
A: sickness immunity, AC +2, negative energy resistance 1, electricity
resistance, torment resistance 1, petrification resistance
a: no special abilities


You were on level 5 of the Dungeon.
You visited 1 branch of the dungeon, and saw 1 of its levels.

You collected 4 gold pieces.


Innate Abilities, Weirdness & Mutations

You are immune to sickness and miasma.
Your stone body is resilient. (AC +2)
You are immune to poison.
You resist negative energy. (rN+)
You are resistant to electric shocks. (rElec)
You are resistant to unholy torment.
You are immune to petrification.


   Skills:
 - Level 3.2 Fighting
 + Level 2.9 Axes
 - Level 1.5 Dodging
 - Level 5.4 Stealth


You had one spell level left.
You didn't know any spells.
Your spell library was empty.

Inventory:

Hand Weapons
 a - a +0 hand axe (weapon)
 i - a +0 mace
Armour
 b - a +0 leather armour (worn)
Wands
 g - a wand of digging (3)
Scrolls
 c - a scroll of fog
 d - a scroll of magic mapping
 e - a scroll of fear
 h - a scroll of identify {unknown}
Potions
 f - a potion of haste

Dungeon Overview and Level Annotations

Branches:
Dungeon (5/15)
 Temple: D:4-7

Altars:


Message History

A gnoll and a kobold come into view.
The kobold is wielding a +2 antimagic whip.
The gnoll shouts!
The kobold shouts!
You hear a shout!
Enter note: A goblin comes into view. It is wielding a +0 antimagic dagger.
You barely miss the kobold. The kobold closely misses you.
You barely miss the gnoll. You hit the kobold.
You kill the kobold!
The gnoll hits you with a +0 rapier.
You barely miss the gnoll. You closely miss the goblin.
The gnoll hits you with a +0 rapier.
The goblin hits you with a +0 antimagic dagger.
The goblin closely misses you. The gnoll closely misses you.
You closely miss the gnoll. You hit the goblin.
The gnoll hits you with a +0 rapier.
The goblin hits you with a +0 antimagic dagger.
You feel your power leaking away.
You hit the goblin.
The goblin is severely wounded.
You hit the gnoll. The gnoll closely misses you. The goblin barely misses you.
You closely miss the goblin.
The goblin is severely wounded.
You barely miss the gnoll. The gnoll barely misses you.
The goblin hits you but does no damage.
You hit the goblin.
You kill the goblin!
You barely miss the gnoll. The gnoll hits you but does no damage.
You closely miss the gnoll.
The gnoll is lightly wounded.
The gnoll misses you.
You barely miss the gnoll.
The gnoll is lightly wounded.
The gnoll barely misses you.
You closely miss the gnoll.
The gnoll is lightly wounded.
The gnoll hits you with a +0 rapier. The gnoll hits you with a +0 rapier!
You die...

######## .
#......##
..8.#.g.....####
......)@.......##
......#######...#
..... #...# ..8.
##..### ...
#....#### ##
#.##....##
#.#####..# #.#
##.# #.. #.##


You could see a gnoll.

Vanquished Creatures
  An adder (D:5)
  A shadow imp (D:5)
  A goblin (D:5)
  A kobold (D:5)
4 creatures vanquished.

Notes
Turn   | Place    | Note
-------+----------+-------------------------------------------
     0 | D:5      | qw the Gargoyle Delver began the quest for the Orb.
     0 | D:5      | Reached XP level 1. HP: 14/14 MP: 1/1
     0 | D:5      | 0 ||| qw: Version: 0.1-a-116-g5d60599
     0 | D:5      | 0 ||| qw: Game counter: 9427
     0 | D:5      | 0 ||| qw: Always use a shield: true
     0 | D:5      | 0 ||| qw: God list: Okawaru
     0 | D:5      | 0 ||| qw: Allow faded altars: false
     0 | D:5      | 0 ||| qw: Do Orc after D:15 true
     0 | D:5      | 0 ||| qw: Do second Lair branch before Depths: true
     0 | D:5      | 0 ||| qw: Lair rune preference: random
     0 | D:5      | 0 ||| qw: Plans: Normal
     0 | D:5      | 0 ||| PLANNING D:1-11
    31 | D:5      | Reached XP level 2. HP: 12/19 MP: 2/2
   155 | D:5      | 155 ||| Stepping ~*~*~tactically~*~*~ (hiding).
   257 | D:5      | 257 ||| Stepping ~*~*~tactically~*~*~ (hiding).
   437 | D:5      | HP: 2/19 [gnoll/+0 rapier (4)]
   437 | D:5      | Slain by a gnoll

Levels and vault maps discovered:
D:5:      layout_rooms, trog_antimagical

Skill      XL: |  1 |
---------------+----+-----
Axes           | 2 |  2.9
Fighting       | |  3.2
Dodging        | |  1.5
Stealth        | |  5.4

Action                   || total
-------------------------++-------
Melee: Hand axe          ||    19
Armor: Leather armour    ||     5
Dodge: Dodged            ||    11

Table legend:
 A = Non-vault XP
 B = Vault XP
 C = Vault XP percentage of total XP
 D = Non-vault monster count
 E = Vault monster count
 F = Vault count percentage of total count
                 A         B        C        D         E       F
            +---------+---------+-------+---------+---------+-------
      Total |      24 |       3 |  11.1 |       2 |       2 |  50.0
            +---------+---------+-------+---------+---------+-------
        D:5 |      24 |       3 |  11.1 |       2 |       2 |  50.0
            +---------+---------+-------+---------+---------+-------
